 Dungeon Crawl Stone Soup version 0.27.0-1-g7a089689b8 (webtiles) character file.

Game seed: 18404138163314070561

48 mainiacjoe the Magician (level 4, -1/32 HPs)
             Began as a Djinni Fire Elementalist on Aug 16, 2021.
             Killed by nerve-wracking pain
             ... invoked by an orc priest
              (12 damage)
             ... on level 3 of the Dungeon.
             The game lasted 00:07:42 (2508 turns).

mainiacjoe the Magician (Djinni Fire Elementalist)  Turns: 2508, Time: 00:07:42

Health: -1/32      AC:  3    Str:  7    XL:     4   Next: 0%
Gold:   28         EV: 12    Int: 18    God:
                   SH:  0    Dex: 13

rFire    + + +     SeeInvis .   a - +1 short sword (venom)
rCold    x x .     Faith    .   (no shield)
rNeg     . . .     Spirit   .   i - +0 robe
rPois    ∞         Reflect  .   o - +0 helmet
rElec    .         Harm     .   (no cloak)
rCorr    .         Rampage  .   (no gloves)
Will     +....                  (boots unavailable)
Stlth    ++........             (no amulet)
HPRegen  0.10/turn              e - ring of fire
MPRegen  0.00/turn              k - ring of willpower

@: flying
A: sickness immunity, fire resistance 2, cold vulnerability 1, float, innate
caster, hp casting, extra vitality 1
a: no special abilities


You were on level 3 of the Dungeon.
You visited 1 branch of the dungeon, and saw 3 of its levels.

You collected 82 gold pieces.
You spent 54 gold pieces at shops.

Inventory:

Hand Weapons
 a - a +1 short sword of venom (weapon)
 b - a +0 hunting sling
Missiles
 c - 81 stones (quivered)
 m - 19 sling bullets
 r - 53 arrows
Armour
 i - a +0 robe (worn)
 o - a +0 helmet (worn)
Jewellery
 e - a ring of fire (left hand)
 k - a ring of willpower (right hand)
Scrolls
 f - 2 scrolls of fog {unknown}
 h - a scroll of teleportation {unknown}
 l - a scroll of noise {unknown}
 q - a scroll of magic mapping {unknown}
Potions
 g - 2 potions of curing
 j - a potion of attraction
 n - a potion of lignification
 p - a potion of mutation


   Skills:
 + Level 1.3 Fighting
 + Level 2.9 Dodging
 - Level 1.5 Stealth
 * Level 3.0 Spellcasting


You couldn't memorise any spells.
You knew the following spells:

 Your Spells              Type           Power      Damage    Failure   Level
a - Foxfire               Conj/Fire      80%        2x1d8     4%          1
b - Inner Flame           Hex/Fire       20%        N/A       14%         3
d - Sticky Flame          Conj/Fire      20%        2d4       43%         4
e - Fireball              Conj/Fire      10%        3d6       78%         5
j - Conjure Flame         Conj/Fire      20%        6-21      14%         3
s - Animate Skeleton      Necr           26%        N/A       4%          1
Your spell library was empty.

Dungeon Overview and Level Annotations

Branches:
Dungeon (3/15)

Altars:

Shops:
D:2 [


Innate Abilities, Weirdness & Mutations

You are immune to sickness and miasma.
You are immune to poison.
Your flesh is very heat resistant. (rF++)
You are vulnerable to cold. (rC-)
You float through the air rather than walking.
You learn spells naturally, not from books.
Your magical power is your life essence.
You have superior vitality. (+4 HP)


Message History

The orc shouts!
You hear a shout!
An orc priest comes into view. It is wielding a +0 short sword.
Casting: Foxfire (safe; 4% risk of failure)
Confirm with . or Enter, or press ? or * to list all spells.
You feel a surge of power!
You conjure some foxfire!
Your foxfire dissipates! x2
The foxfire hits the orc but does no damage.
The foxfire hits the orc.
The orc is severely wounded.
The foxfire hits the orc but does no damage.
The orc is severely wounded.
Casting: Foxfire (safe; 4% risk of failure)
Confirm with . or Enter, or press ? or * to list all spells.
You feel a surge of power!
You conjure some foxfire!
The foxfire hits the orc but does no damage.
The orc is severely wounded.
The orc priest looks braver for a moment.
Casting: Foxfire (safe; 4% risk of failure)
Confirm with . or Enter, or press ? or * to list all spells.
The spell is quite dangerous to cast (16% risk of failure)!
Continue anyway?
Aiming: Inner Flame (quite dangerous; 16% risk of failure)
Press: ? - help, Shift-Dir - straight line, f - orc
Aim: an orc, wielding a +2 dagger of venom and wearing a +0 ring mail (severely wounded, ally target, chance to affect: 87%)
You feel a surge of power!
The orc is filled with an inner flame.
The foxfire hits the orc.
Flame seeps out of the orc.
The orc is almost dead.
The orc is engulfed in blazing flames.
The orc explodes!
The orc priest calls down the wrath of Beogh upon you.
Beogh smites you!
* * * LOW HITPOINT WARNING * * *
You hear an angry hiss.
You have reached level 4!
You feel clever.
A frilled lizard comes into view.
You see here a +0 hand axe.
There is a stone staircase leading up here.
The orc priest calls down the wrath of Beogh upon you.
Pain shoots through your body!
You die...

# .. #.# .# ##.
#.# .. # #... #.#
.# .#
.....####.###.##.#
........#........#
#.#..# ...
#.#..##.#
####..@..|.#
......##..##.#
.####.##..##.##.
.#..).......
##.#..###....
#.####†#o.# .###
o.)..#..# .#
#.###..#..###.#
..............#


You could see an orc priest.

Vanquished Creatures
  A dart slug (D:2)
  3 worms (D:2)
  An orc (D:3)
  2 bats
  5 endoplasms
  A giant cockroach (D:2)
  A goblin (D:2)
  3 hobgoblins
  6 jackals (D:2)
  5 kobolds
  3 ball pythons
  A rat (D:1)
  A bush (D:2)
33 creatures vanquished.

Vanquished Creatures (collateral kills)
  7 foxfires (D:2)
7 creatures vanquished.

Vanquished Creatures (others)
  82 foxfires
  3 plants (D:2)
85 creatures vanquished.

Grand Total: 125 creatures vanquished

Notes
Turn   | Place    | Note
-------+----------+-------------------------------------------
     0 | D:1      | mainiacjoe the Djinni Fire Elementalist began the quest for
                  | the Orb.
     0 | D:1      | Reached XP level 1. HP: 15/15 MP: 0/0
    56 | D:1      | Found a faded altar of an unknown god.
   338 | D:1      | Reached XP level 2. HP: 21/22 MP: 0/0
  1078 | D:2      | Found Liwuits's Armour Shop.
  1094 | D:2      | Reached XP level 3. HP: 24/26 MP: 0/0
  1094 | D:2      | Learned a level 1 spell: Animate Skeleton
  1141 | D:2      | Reached skill level 1 in Fighting
  1567 | D:2      | Bought a +0 helmet for 54 gold pieces
  1794 | D:2      | Reached skill level 3 in Spellcasting
  2500 | D:3      | Reached XP level 4. HP: 10/32 MP: 0/0
  2508 | D:3      | Killed from afar by an orc priest

Illustrated notes

Levels and vault maps discovered:
D:1:      elethiomel_arrival_infinity_welcomes_careful_drivers, layout_rooms,
          hellmonk_ecumenical_altar_pennies_from_heaven
D:2:      layout_loops_ring, serial_shops, nicolae_diamond_shop, serial_forest,
          infiniplex_forest_straight_2, infiniplex_forest_end_double,
          infiniplex_forest_side_room, infiniplex_forest_clump_curved,
          infiniplex_forest_lined_1
D:3:      layout_loops_ring, uniq_jessica

Skill      XL: |  1  2  3 |
---------------+----------+-----
Fighting       | 1 |  1.3
Spellcasting   | 3 |  3.0
Dodging        | |  2.9
Stealth        | |  1.5

Action                   |  1- 3 |  4- 6 || total
-------------------------+-------+-------++-------
Melee: Short sword       |    70 |       ||    70
 Fire: Hunting sling     |     1 |       ||     1
Throw: Stone             |    12 |       ||    12
 Cast: Foxfire           |    54 |       ||    54
       Animate Skeleton  |     4 |       ||     4
       Inner Flame       |     4 |       ||     4
  Use: Scroll            |     4 |       ||     4
Armor: Robe              |     2 |       ||     2
Dodge: Dodged            |    10 |       ||    10
